 Dungeon Crawl Stone Soup version 0.30-a0-719-gcc4359ea44 (webtiles) character file.

Game seed: 15318460069548728556

24 Newt the Ducker (level 2, 0/23 HPs)
             Began as a Demonspawn Gladiator on Jan 26, 2023.
             Slain by a gnoll
             ... wielding a +0 halberd of holy wrath
              (2 damage)
             ... on level 2 of the Dungeon.
             The game lasted 00:00:49 (1211 turns).

Newt the Ducker (Demonspawn Gladiator)              Turns: 1211, Time: 00:00:50

Health: 0/23       AC:  5    Str: 14    XL:     2   Next: 79%
Magic:  2/2        EV: 12    Int:  9    God:
Gold:   62         SH:  0    Dex: 14    Spells: 1/1 levels left

rFire   . . .      SeeInvis .    a - +0 rapier
rCold   . . .      Faith    .    (no shield)
rNeg    . . .      Spirit   .    b - +1 leather armour
rPois   .          Reflect  .    c - +0 helmet
rElec   .          Harm     .    (no cloak)
rCorr   .          Rampage  .    (no gloves)
Will    .....                    (no boots)
Stlth   ++                       (no amulet)
HPRegen 0.23/turn                (no ring)
MPRegen 0.08/turn                (no ring)

@: on berserk cooldown, slowed, very slow
A: powered by pain 1
a: no special abilities


You were on level 2 of the Dungeon.
You visited 1 branch of the dungeon, and saw 2 of its levels.

You collected 62 gold pieces.

Inventory:

Hand Weapons
 a - a +0 rapier (weapon)
Missiles
 d - 3 throwing nets (quivered)
 e - 5 javelins
Armour
 b - a +1 leather armour (worn)
 c - a +0 helmet (worn)
Scrolls
 h - a scroll of amnesia
Potions
 f - a potion of ambrosia
 i - a potion of cancellation {unknown}


   Skills:
 + Level 2.5 Fighting
 - Level 2.6 Short Blades
 - Level 1.7 Throwing
 - Level 2.6 Dodging
 - Level 2.0 Stealth


You had one spell level left.
You didn't know any spells.
Your spell library contained the following spells:

 Spells                   Type           Power      Damage    Failure   Level
 Gell's Gravitas          Tloc           0%         N/A       83%         3
 Teleport Other           Tloc           0%         N/A       83%         3
 Dispersal                Tloc           0%         N/A       100%        6


Dungeon Overview and Level Annotations

Branches:
Dungeon (2/15)

Altars:


Innate Abilities, Weirdness & Mutations

You sometimes gain a little power by taking damage.


Message History

The gnoll hits you from afar with a +0 halberd of holy wrath!
You convulse.
* * * LOW HITPOINT WARNING * * *
The kobold misses you.
You are too injured to fight recklessly!
There are monsters nearby!
You are too injured to fight recklessly!
Unknown command.
The kobold attacks as you move away! The kobold hits you with a +0 whip.
* * * LOW HITPOINT WARNING * * *
A gnoll comes into view. It is wielding a +0 spear.
The quokka closely misses you.
Okay, then.
As you read the scroll labelled KYFIKE HITA, it crumbles to dust.
It is a scroll of enchant armour.
Your +0 leather armour glows green for a moment.
The gnoll shouts!
You hear a shout!
The frilled lizard misses you. The gnoll barely misses you.
The quokka bites you.
* * * LOW HITPOINT WARNING * * *
The quokka attacks as you move away! The quokka misses you.
The kobold hits you but does no damage.
It was a potion of berserk rage.
A red film seems to cover your vision as you go berserk!
You feel yourself moving faster!
You feel mighty!
The frilled lizard bites you but does no damage.
The kobold closely misses you.
You feel a strong urge to attack something.
A gnoll comes into view.
It is wielding a +0 flail of protection.
You see here a blue potion.
You feel your anger nearly subside.
You are no longer berserk.
You are exhausted.
You feel yourself slow down.
The kobold throws a stone.
The stone closely misses you. The gnoll attacks as you move away!
The gnoll hits you with a +0 flail.
* * * LOW HITPOINT WARNING * * *
The gnoll attacks as you move away! The gnoll barely misses you.
The frilled lizard bites you but does no damage.
The gnoll hits you from afar with a +0 halberd of holy wrath.
You die...

.###....######.# ###.#
........# #.# #.#
..##.#..# #.# #.# ...#..#
#.# #.# ..##+#.<## #. #.#
.........# .. .......†.#
##
.........#####.#......#+##
.........@g....#..........
..^......#l).[.....#......
.....$...#Kg..............
##########r........#......
#!........#......
#g........#......
#.........#......
#g........#.<....
#.........#......


You could see 4 gnolls, a quokka, a kobold and a frilled lizard.

Vanquished Creatures
  A ball python (D:2)
  4 endoplasms
  A giant cockroach (D:2)
  2 goblins (D:2)
  A hobgoblin (D:1)
  3 jackals (D:1)
  2 kobolds (D:2)
  3 bats (D:1)
  2 rats
19 creatures vanquished.

Notes
Turn   | Place    | Note
-------+----------+-------------------------------------------
     0 | D:1      | Newt the Demonspawn Gladiator began the quest for the Orb.
     0 | D:1      | Reached XP level 1. HP: 16/16 MP: 1/1
   395 | D:1      | Reached skill level 1 in Stealth
   702 | D:1      | Gained mutation: You sometimes gain a little power by
                  | taking damage. [demonic ancestry]
   702 | D:1      | Reached XP level 2. HP: 21/22 MP: 2/2
  1203 | D:2      | HP: 1/23 [quokka (2)]
  1210 | D:2      | HP: 1/23 [gnoll/+0 flail (1)]
  1211 | D:2      | Slain by a gnoll

Illustrated notes

Levels and vault maps discovered:
D:1:      mrwooster_arrival_arrow, layout_basic, nicolae_eternal_life
D:2:      layout_basic

Skill      XL: |  1  2 |
---------------+-------+-----
Stealth        | 1 2 |  2.0
Fighting       | |  2.5
Short Blades   | |  2.6
Throwing       | |  1.7
Dodging        | |  2.6

Action                     || total
---------------------------++-------
  Melee: Rapier            ||    52
    Use: Scroll            ||     3
         Potion            ||     1
   Stab: Sleeping          ||     3
 Armour: Leather armour    ||    22
  Dodge: Dodged            ||    42

Table legend: (Time is in decaauts)
 A = Elapsed time spent in this place.
 B = Non-inter-level travel time spent in this place.
 C = Inter-level travel time spent in this place.
 D = Time resting spent in this place.
 E = Time spent auto-exploring this place.
 F = Levels seen in this place.
 G = Mean time per level.
                   A        B        C        D        E       F      G
               +--------+--------+--------+--------+--------+-----+--------+
         Total |   1214 |   1189 |     25 |      0 |   1029 |   2 |  607.0 |
       Dungeon |   1214 |   1189 |     25 |      0 |   1029 |   2 |  607.0 |
               +--------+--------+--------+--------+--------+-----+--------+

Top non-repeatable levels by time:
     D:1: 976 daAuts
     D:2: 237 daAuts
